[Event "Late-Titled-Tuesday-Blitz-June-25-2024"]
[Site "Chess.com"]
[Date "2024.06.25"]
[Round "2"]
[White "Chessmissile07"]
[Black "smallbaba"]
[Result "0-1"]
[WhiteElo "2829"]
[BlackElo "2605"]
[TimeControl "180+1"]
[EndTime "14:16:58 PDT"]
[Termination "smallbaba won on time"]

1. a3 e5 2. c4 Nf6 3. Nc3 d5 4.
cxd5 Nxd5 5. Nf3 Nc6 6. e4 Nf6 7. Bb5 Bc5 8. O-O Bg4 9. h3 Bxf3 10. Qxf3 O-O 11. Bxc6 bxc6 12. d3 Rb8 13. Na4 Bd4 14.
Rb1 Qc8 15. Bg5 Ne8 16. Be7 Qa6 17. Nc3 Nd6 18. Bxf8 Kxf8 19. Ne2 Bxb2 20. d4 Rb5 21. dxe5 Bxe5 22. Rxb5 cxb5 23. Qh5 Nc4 24. Qxh7 Qxa3 25.
Qh8+ Ke7 26. Rd1 Nd6 27. Qh4+ f6 28. Nf4 Qb3 29. Nd5+ Kd7 30. Rc1 c6 31. Ne3 Kc7 32. Qg4 g5 33. Nd5+ Kd8 34. Qe6 cxd5 35. Qg8+ Ke7 0-1

[Event "Late-Titled-Tuesday-Blitz-June-25-2024"]
[Site "Chess.com"]
[Date "2024.06.25"]
[Round "2"]
[White "giomar27"]
[Black "MuhittinBuker"]
[Result "0-1"]
[WhiteElo "2466"]
[BlackElo "2235"]
[TimeControl "180+1"]
[EndTime "14:16:58 PDT"]
[Termination "MuhittinBuker won by resignation"]

1. Nc3 d5 2. d4 Nf6 3. Bf4 e6 4. e3 Bd6 5. Qf3 Bxf4 6. Qxf4 Qd6 7. Qg3 a6 8. Bd3 Qxg3 9. hxg3 h6 10. Nf3 Ke7 11.
Ne5 Nbd7 12. f4 c5 13. Nxd7 Bxd7 14. dxc5 Rhc8 15. Ne2 Rxc5 16. c3 Ng4 17. Kd2 f5 18. Nd4 Rac8 19. Be2 Nf6 20. Bf3 b5 21. Rhc1 Rc4 22.
Be2 R4c5 23. Bd3 Be8 24. a4 bxa4 25. Bxa6 Rb8 26. Ra2 Ne4+ 27. Kc2 Nxg3 28. Bd3 Nh5 29. Nf3 Nf6 30. Ne5 Rc7 31. Rg1 h5 32. Kd2 Bb5 33.
Bc2 Ne4+ 34. Bxe4 dxe4 35. Rc1 Be8 36. c4 Rc5 37. Kc3 Rb3+ 38. Kc2 Kf6 39. Rd1 Rxe3 40. Rd8 Ke7 41. Ra8 Re2+ 42. Kd1 Rxg2 43. Ra7+ Kf6 44. Ra8 Ke7 45. Ra7+ Kf8 46. Ra8 Rxe5 47. fxe5 h4 48. Ra3 Rg3 49. Rxg3 hxg3 50. Ke2 f4 51. c5 Ke7 52.
Ra7+ Kd8 53. Rxg7 Bc6 54. Rg4 f3+ 55. Ke3 g2 56. Kf2 e3+ 57. Kxe3 Bd5 58. Kf2 Kc7 59. Rxa4 Kc6 60. b4 Kb5 61. Ra6 Kxa6 0-1

[Event "Late-Titled-Tuesday-Blitz-June-25-2024"]
[Site "Chess.com"]
[Date "2024.06.25"]
[Round "2"]
[White "Yaacovn"]
[Black "Indefatigable11"]
[Result "1/2-1/2"]
[WhiteElo "2683"]
[BlackElo "2420"]
[TimeControl "180+1"]
[EndTime "14:17:00 PDT"]
[Termination "Game drawn by repetition"]

1. d4 Nf6 2. e3 d5 3. Bd3 c5 4. c3 Nc6 5. f4 Bg4 6. Nf3 e6 7. O-O Bd6 8. Qe1 O-O 9. Ne5 Bf5 10. Qe2 Bxd3 11. Nxd3 Ne4 12. Nd2 Nxd2 13. Bxd2 c4 14. Ne5 f6 15. Nxc6 bxc6 16. b3 cxb3 17. axb3 Qb6 18.
Rfb1 a5 19. Ra2 a4 20. b4 Qb5 21. Qd1 e5 22. Rba1 exd4 23. cxd4 Qd3 24. Ra3 Qc4 25. Rxa4 Rxa4 26. Qxa4 Bxf4 27. exf4 Qxd4+ 28. Kh1 Qxd2 29. Qxc6 Qxb4 30. Qxd5+ Kh8 31. g3 h6 32. Ra2 Rc8 33.
Ra8 Qb1+ 34. Kg2 Qc2+ 35. Kh3 Kh7 36. Rxc8 Qxc8+ 37. f5 Qc2 38. Qf3 Qc5 39. Qg4 Qe5 40. Qf3 Kg8 41. Kg4 Kh7 42. Kh5 g6+ 43. Kg4 gxf5+ 44.
Qxf5+ Qxf5+ 45. Kxf5 Kg7 46. g4 Kf7 47. h3 Kg7 48. h4 h5 49. g5 fxg5 50. Kxg5 Kh7 51. Kxh5 Kg7 52. Kg5 Kh7 53. Kh5 Kg7 54. Kg5 Kh7 55.
Kh5 1/2-1/2

[Event "Late-Titled-Tuesday-Blitz-June-25-2024"]
[Site "Chess.com"]
[Date "2024.06.25"]
[Round "2"]
[White "Talent-OF-Slovenia"]
[Black "BlueWizzard"]
[Result "1/2-1/2"]
[WhiteElo "2427"]
[BlackElo "2927"]
[TimeControl "180+1"]
[EndTime "14:17:01 PDT"]
[Termination "Game drawn - insufficient material"]

1. e4 g6 2. d4 d5 3. exd5 Qxd5 4. Nc3 Qd8 5. Nf3 Bg7 6. Bf4 Nh6 7. Qd2 Nf5 8.
O-O-O c6 9. g4 Nd6 10. h3 Be6 11. Be5 O-O 12. Bxg7 Kxg7 13. Ng5 Bd5 14. Nxd5 cxd5 15. h4 h6 16. Nf3 e6 17. Bd3 Nc6 18. c3 b5 19. Ne5 Rc8 20. h5 g5 21.
f4 b4 22. fxg5 bxc3 23. gxh6+ Kh8 24. bxc3 Nxe5 25. dxe5 Nc4 26. Qf4 Qe7 27. Qf6+ Qxf6 28. exf6 Rg8 29. Bg6 Ne5 30. h7 Rgd8 31. Rhe1 Nxg4 32.
Bxf7 Rxc3+ 33. Kb2 Rf3 34. Bxe6 Nxf6 35. Rf1 Rxf1 36.
Rxf1 Nxh7 37. Rf5 d4 38. Kc2 Rd6 39. Bc4 Nf6 40. Kd3 Kg7 41. Rf4 Nxh5 42. Rxd4 Rxd4+ 43. Kxd4 Kf6 44. Kc5 Ke7 45. Kc6 Nf6 46. a4 a5 47.
Kb5 Kd6 48. Kxa5 Kc7 49. Ka6 Nd7 50. a5 Nc5+ 51. Kb5 Nb7 52. Bd5 Nxa5 1/2-1/2

[Event "Late-Titled-Tuesday-Blitz-June-25-2024"]
[Site "Chess.com"]
[Date "2024.06.25"]
[Round "2"]
[White "Supergiuly"]
[Black "MalyDominator"]
[Result "1-0"]
[WhiteElo "2372"]
[BlackElo "2561"]
[TimeControl "180+1"]
[EndTime "14:17:01 PDT"]
[Termination "Supergiuly won on time"]

1. g3 h5 2. h4 d6 3. Bg2 Nf6 4. Nf3 e5 5. d3 Be7 6. O-O O-O 7.
Nc3 Nc6 8. e4 Bg4 9. Be3 Qd7 10.
Qd2 Bh3 11. d4 Bxg2 12. Kxg2 Ng4 13. d5 Na5 14. b3 f5 15. Ng5 f4 16. gxf4 Nxe3+ 17. Qxe3 Rxf4 18. Ne6 Rg4+ 19. Kf3 Rxh4 20. Ke2 b5 21.
Rg1 Bf6 22. Qh6 Qf7 23. Rg6 Rg4 24. Rxg4 hxg4 25. Qh2 Qg6 26. Rh1 Kf7 27. Nxb5 Qxe4+ 28. Kf1 Qxc2 29. Qh5+ Ke7 30. Nexc7 Rc8 31. Qxg4 Qd3+ 32.
Kg2 Rxc7 33. Qe6+ 1-0

[Event "Late-Titled-Tuesday-Blitz-June-25-2024"]
[Site "Chess.com"]
[Date "2024.06.25"]
[Round "2"]
[White "dolynachess"]
[Black "JuliaEfremova"]
[Result "1-0"]
[WhiteElo "2527"]
[BlackElo "2315"]
[TimeControl "180+1"]
[EndTime "14:17:01 PDT"]
[Termination "dolynachess won by resignation"]

1. d4 e5 2. dxe5 d6 3. Nf3 Nc6 4. Bg5 f6 5. exf6 Nxf6 6. c4 Be6 7. e3 Qd7 8. Nc3 Qf7 9. Qa4 Be7 10. Be2 O-O 11.
O-O Nd7 12. Bxe7 Qxe7 13. Nd5 Bxd5 14. cxd5 Nce5 15. Nxe5 Nxe5 16. Rac1 Rf7 17. Rc2 Qf6 18.
f4 Ng6 19. Bg4 Re7 20. Be6+ Kh8 21. Rfc1 Nh4 22. Qd4 Qg6 23. Kh1 Rf8 24. Qd2 c6 25. Qf2 Qh6 26. Qg3 c5 27. b3 b6 28. h3 Ng6 29. Rf2 Rf6 30. Rcf1 Nf8 31. f5 Re8 32. e4 Re7 33. Qxd6 Re8 34. e5 Rfxe6 35. fxe6 Ng6 36.
Rf8+ 1-0

[Event "Late-Titled-Tuesday-Blitz-June-25-2024"]
[Site "Chess.com"]
[Date "2024.06.25"]
[Round "2"]
[White "Patolindo"]
[Black "ccccvhhhj"]
[Result "0-1"]
[WhiteElo "2140"]
[BlackElo "2468"]
[TimeControl "180+1"]
[EndTime "14:17:01 PDT"]
[Termination "ccccvhhhj won on time"]

1. d4 e5 2. dxe5 d6 3. Nf3 Bg4 4. Nc3 Nc6 5. e4 Qd7 6. Bb5 O-O-O 7. O-O h5 8. Bg5 f6 9. exf6 gxf6 10. Bh4 Bg7 11.
Qd3 Bxf3 12. Qxf3 Nge7 13. Nd5 Qe6 14. Bc4 Kb8 15. Nxe7 Qxe7 16. Qb3 Na5 17. Qd3 Bh6 18. Bd5 c6 19. Bb3 Bf4 20. c4 c5 21. Bc2 Nc6 22.
a3 Rhg8 23. b4 Ne5 24. Qb3 Rg4 25. Bg3 h4 26. Bxf4 Rxf4 27. bxc5 dxc5 28. Rfd1 Rg8 29. g3 hxg3 30. hxg3 Rh4 31. Rab1 Qh7 32. Kf1 Rh2 33. Qe3 Ng4 0-1

[Event "Late-Titled-Tuesday-Blitz-June-25-2024"]
[Site "Chess.com"]
[Date "2024.06.25"]
[Round "2"]
[White "Grossboss19"]
[Black "hansen"]
[Result "0-1"]
[WhiteElo "2610"]
[BlackElo "2991"]
[TimeControl "180+1"]
[EndTime "14:17:02 PDT"]
[Termination "hansen won by resignation"]

1. c4 e5 2. Nf3 Nc6 3. Nc3 Bb4 4. g3 Bxc3 5. bxc3 d6 6. Bg2 h6 7.
O-O Nf6 8. d3 O-O 9. Ne1 Be6 10.
Rb1 Rb8 11. Nc2 d5 12. cxd5 Bxd5 13. Bxd5 Qxd5 14. c4 Qe6 15. f3 Rfd8 16. Rf2 e4 17. Bb2 exd3 18. exd3 Qf5 19. Ne1 Nd4 20. Bxd4 Rxd4 21.
Qa4 a6 22. Kg2 Qd7 23. Qxd7 Nxd7 24. Rfb2 Nc5 25. Kf1 Rbd8 26. Rd2 Rxc4 27. dxc4 Rxd2 28. a3 Rxh2 29. Rd1 Ra2 30. Rd5 b6 31. Rd8+ Kh7 32.
Rc8 Ne6 33. f4 Kg6 34. g4 f5 35. Re8 Kf7 36. Rc8 Kf6 37. Ng2 fxg4 38. Ne3 h5 39. f5 Nd4 40. Rxc7 Nxf5 41. Nd5+ Kg5 42. Nxb6 h4 43. Nd5 h3 44. Rc8 h2 45. Rh8 Nh4 0-1

[Event "Late-Titled-Tuesday-Blitz-June-25-2024"]
[Site "Chess.com"]
[Date "2024.06.25"]
[Round "2"]
[White "koncheto"]
[Black "rionelG"]
[Result "0-1"]
[WhiteElo "2567"]
[BlackElo "2376"]
[TimeControl "180+1"]
[EndTime "14:17:03 PDT"]
[Termination "rionelG won on time"]

1. e4 c5 2. Nf3 d6 3. d4 cxd4 4. Nxd4 Nf6 5. f3 e5 6. Nb3 d5 7. Bg5 d4 8. c3 Nc6 9. Bb5 Be7 10.
cxd4 exd4 11. Qxd4 O-O 12. Qxd8 Rxd8 13. O-O h6 14. Be3 Nb4 15. Na3 Be6 16. Nd4 Bxa2 17. Rfd1 a6 18. Be2 Bf8 19. Bc4 Bxc4 20. Nxc4 Rac8 21.
Nb6 Rc7 22. Rac1 Bc5 23. e5 Bxb6 24. Rxc7 Nfd5 25. Rxb7 Nxe3 26. Rxb6 Nxd1 27. Rxb4 Ne3 28. Kf2 Nd5 29. Ra4 Nf4 30. Nc6 Rd2+ 31. Ke3 Rc2 0-1

[Event "Late-Titled-Tuesday-Blitz-June-25-2024"]
[Site "Chess.com"]
[Date "2024.06.25"]
[Round "2"]
[White "Pachonpower"]
[Black "Cosi43"]
[Result "1-0"]
[WhiteElo "2455"]
[BlackElo "2694"]
[TimeControl "180+1"]
[EndTime "14:17:04 PDT"]
[Termination "Pachonpower won by resignation"]

1. d4 d5 2. Nf3 Nc6 3. c4 Bg4 4. cxd5 Bxf3 5. Nc3 Bxd5 6. e4 e6 7. exd5 exd5 8. Bb5 Nf6 9. O-O Be7 10. Bf4 O-O 11. Re1 Nb8 12. Rc1 c6 13. Bd3 Nbd7 14.
Re3 Re8 15. Rh3 Nf8 16. Bg5 Ne4 17. Be3 Nxc3 18. bxc3 Bg5 19. Bxh7+ Nxh7 20. Qh5 Bh6 21. Bxh6 g6 22. Qg4 Qe7 23. Be3 Qe4 24. Qg3 Kg7 25. Rh4 Qf5 26. Rf4 Qe6 27. Rh4 Nf6 28. Bh6+ Kg8 29.
Be3 Kg7 30. h3 Rh8 31. Rxh8 Rxh8 32. Bf4 Nh5 33. Qf3 Nxf4 34. Qxf4 Re8 35. a4 Qe4 36. Qg3 Qf5 37. Qc7 Qc8 38. Qd6 Re6 39. Qb4 b6 40. c4 dxc4 41. Qxc4 Rd6 42. Qc3 Rd5 43. Re1 Qd7 44.
Re4 f5 45. Rh4 g5 46. Qg3 Kg6 47. f4 Qe7 48. Rh8 Rxd4 49. Rg8+ Kf7 50. Rxg5 Ke8 51. Rg8+ Kd7 52. Rg7 Rd1+ 53. Kh2 1-0

[Event "Late-Titled-Tuesday-Blitz-June-25-2024"]
[Site "Chess.com"]
[Date "2024.06.25"]
[Round "2"]
[White "AGW2016"]
[Black "Bryanl106"]
[Result "1-0"]
[WhiteElo "2555"]
[BlackElo "2742"]
[TimeControl "180+1"]
[EndTime "14:17:05 PDT"]
[Termination "AGW2016 won by resignation"]

1. d4 Nf6 2. Nf3 g6 3. c4 Bg7 4. Nc3 O-O 5. e4 d6 6. Be2 e5 7. O-O Na6 8. Be3 Ng4 9. Bg5 f6 10. Bc1 Nh6 11. Re1 Nf7 12. Bf1 Bg4 13. d5 f5 14. h3 Bh5 15. Be2 Nc5 16. Nd2 Bxe2 17.
Qxe2 a5 18. Nb3 f4 19. Nxc5 dxc5 20. Nb5 Nd6 21. Nxd6 cxd6 22. Qg4 Qf6 23. Bd2 f3 24. g3 Qf7 25. a4 h5 26. Qg5 Kh7 27. Ra3 Ra6 28. Rb3 Qd7 29. Kh2 Rf7 30. Rb5 b6 31. g4 hxg4 32. hxg4 Ra8 33. Kg3 Kg8 34. Rh1 Rf6 35.
Rxb6 Qxa4 36. b3 Qa2 37. Rb7 Raf8 38. Rxg7+ Kxg7 39. Qh6+ Kf7 40. Qh7+ Ke8 41. Bg5 R6f7 42. Qxg6 Kd7 43. Qe6+ Kc7 44. Be7 Qe2 45. Qxd6+ Kb7 46. Qc6+ Kb8 47. Bd6+ Ka7 48. Bxc5+ Kb8 49. Bd6+ Ka7 50.
Bxf8 Qxe4 51. Bc5+ Kb8 52. Rh8+ 1-0

[Event "Late-Titled-Tuesday-Blitz-June-25-2024"]
[Site "Chess.com"]
[Date "2024.06.25"]
[Round "2"]
[White "jup1978"]
[Black "NicolaiMaxime"]
[Result "1-0"]
[WhiteElo "2482"]
[BlackElo "2683"]
[TimeControl "180+1"]
[EndTime "14:17:05 PDT"]
[Termination "jup1978 won by checkmate"]

1. d4 Nf6 2. c4 e6 3. Nf3 d5 4. g3 Bb4+ 5. Bd2 Be7 6. Bg2 O-O 7. O-O dxc4 8. Bf4 c6 9. Ne5 Nbd7 10. Nxc4 Nb6 11. Ne5 Nfd7 12. Nd3 h6 13. Nc3 Nd5 14. Bd2 N7f6 15. a3 Nb6 16. e3 Nc4 17. Bc1 a5 18. b3 Nb6 19. Bb2 a4 20. b4 Nc4 21. Bc1 Bd7 22.
Nxa4 b6 23. Qc2 Nd6 24. Ne5 Rc8 25. Nxd7 Nxd7 26. Bb2 b5 27. Nc5 Nb6 28. a4 Ndc4 29.
a5 Nd5 30. Bc3 Bxc5 31. dxc5 Qc7 32. Rfd1 Rfd8 33. e4 Nxc3 34. Qxc3 Rxd1+ 35. Rxd1 Rd8 36. Qc2 Kf8 37. Bf1 Ne5 38. f4 Ng4 39. Qe2 Nf6 40.
Bg2 Ke7 41. e5 Nd5 42. Bxd5 Rxd5 43. Rxd5 exd5 44. Qa2 d4 45. a6 d3 46. Kf2 Qd8 47. Ke3 Kd7 48. Qxf7+ Kc8 49. Qb7# 1-0

[Event "Late-Titled-Tuesday-Blitz-June-25-2024"]
[Site "Chess.com"]
[Date "2024.06.25"]
[Round "2"]
[White "King_Deded4d5"]
[Black "Mihajlovskij"]
[Result "0-1"]
[WhiteElo "2496"]
[BlackElo "2300"]
[TimeControl "180+1"]
[EndTime "14:17:08 PDT"]
[Termination "Mihajlovskij won by checkmate"]

1. e4 c6 2. d4 d5 3. Nc3 dxe4 4. Nxe4 Nf6 5. Nxf6+ exf6 6. c3 Bd6 7. Bd3 Na6 8. Qc2 Nc7 9. Ne2 h5 10. O-O Kf8 11. c4 h4 12. h3 Ne6 13. Be3 g6 14.
Rad1 Kg7 15. Nc3 Nf4 16. Be4 Bc7 17. d5 Qd6 18. Rfe1 cxd5 19. Nxd5 Nxd5 20. Bxd5 Qh2+ 21.
Kf1 Re8 22. Bf3 Bf5 23. Qc3 Be5 24. Qc1 Rad8 25. Rxd8 Rxd8 26. Rd1 Bd3+ 27. Ke1 Qg1+ 28.
Kd2 Be4+ 29. Ke2 Rxd1 30. Qxd1 Bxf3+ 31. gxf3 Qxd1+ 32. Kxd1 Bxb2 33. Kc2 Be5 34. Kd3 a6 35. Ke4 Kf8 36. Kd5 Ke7 37. Kc5 Kd7 38. Kb6 Kc8 39. a4 Kb8 40. c5 Bc7# 0-1

[Event "Late-Titled-Tuesday-Blitz-June-25-2024"]
[Site "Chess.com"]
[Date "2024.06.25"]
[Round "2"]
[White "LoonsDeKoeben"]
[Black "PNEPaul"]
[Result "1-0"]
[WhiteElo "2433"]
[BlackElo "1944"]
[TimeControl "180+1"]
[EndTime "14:17:08 PDT"]
[Termination "LoonsDeKoeben won on time"]

1. e4 e5 2. Nc3 Nc6 3. f4 Bc5 4. Nf3 d6 5. Bc4 Nf6 6. d3 O-O 7. fxe5 dxe5 8. Bg5 h6 9. Bh4 g5 10. Bg3 Bg4 11. Qd2 Qe7 12. O-O-O Rad8 13. Nd5 Nxd5 14.
exd5 Bxf3 15. gxf3 Nd4 16. h4 Nxf3 17. Qg2 g4 18.
Bf4 exf4 19. Qxg4+ Kh8 20. Qxf3 Qe3+ 21. Qxe3 Bxe3+ 22. Kb1 f3 23. Rh3 Rde8 24. Rxf3 Bb6 25. d4 Re4 26.
Bd3 Rxh4 27. c3 c5 28. Rdf1 cxd4 29. c4 Kg7 30. b4 Bd8 31. c5 Rh2 32. d6 Rd2 33. a4 f5 34. Bxf5 Bf6 35. Bd3 a5 36. b5 1-0

[Event "Late-Titled-Tuesday-Blitz-June-25-2024"]
[Site "Chess.com"]
[Date "2024.06.25"]
[Round "2"]
[White "jcibarra"]
[Black "WilsonPalencia21"]
[Result "1-0"]
[WhiteElo "2946"]
[BlackElo "2604"]
[TimeControl "180+1"]
[EndTime "14:17:10 PDT"]
[Termination "jcibarra won by checkmate"]

1. e4 c5 2. Nf3 d6 3. c3 Nf6 4. h3 g5 5. Nxg5 Rg8 6. Nf3 Nc6 7. d3 d5 8. e5 Nd7 9. d4 Qb6 10. Na3 e6 11. Nc2 Be7 12. g3 a5 13. Bd3 c4 14.
Be2 a4 15. Rb1 a3 16. b4 Na7 17.
Nxa3 Nb5 18. Nxb5 Qxb5 19. a3 Nb6 20. Qc2 Rg6 21. h4 Qa4 22. Bd1 Qxc2 23. Bxc2 Na4 24. Bxg6 hxg6 25. Bd2 Nb6 26. Ra1 Na4 27. g4 f5 28.
exf6 Bxf6 29. g5 Bg7 30. Ne5 Bxe5 31. dxe5 Nb2 32. f4 Kf7 33. Ke2 Bd7 34. h5 gxh5 35. Rxh5 Kg7 36. Rah1 Bc6 37. Rh7+ Kg6 38. R1h6+ Kf5 39.
Rf6+ Ke4 40. g6 d4 41. g7 d3+ 42. Ke1 Rxa3 43. g8=Q Ra1+ 44. Kf2 Nd1+ 45. Kg3 Ne3 46.
Qxe6 Nf1+ 47. Kf2 Nxd2 48. Qf5+ Kd5 49. Rd6# 1-0

[Event "Late-Titled-Tuesday-Blitz-June-25-2024"]
[Site "Chess.com"]
[Date "2024.06.25"]
[Round "2"]
[White "Gangster-accountant01"]
[Black "MarkusRagger"]
[Result "0-1"]
[WhiteElo "2554"]
[BlackElo "2802"]
[TimeControl "180+1"]
[EndTime "14:17:10 PDT"]
[Termination "MarkusRagger won by resignation"]

1. d4 Nf6 2. c4 g6 3. Nc3 d5 4.
cxd5 Nxd5 5. e4 Nxc3 6. bxc3 Bg7 7. Bc4 c5 8. Ne2 O-O 9. Be3 Nc6 10. h4 cxd4 11. cxd4 Qa5+ 12. Kf1 Qa3 13. h5 Bg4 14. hxg6 hxg6 15. f3 Qxe3 16. fxg4 Qxe4 17. Qb3 Nxd4 18. Qh3 Rfd8 19. Ng3 Qf4+ 20. Kg1 Nf3+ 21. gxf3 Qxc4 22. Re1 Rd2 23. Qh7+ Kf8 24. Rh2 Rad8 25. Ne4 Rxh2 26. Qxh2 b5 27. Kh1 a5 28. Ng5 Qc3 29. Qe2 Bf6 30.
Ne4 Qe5 31. Qe3 Kg7 32. Kg1 Rh8 33. f4 Qd5 34. Nxf6 Rh1+ 35. Kf2 Rh2+ 0-1

[Event "Late-Titled-Tuesday-Blitz-June-25-2024"]
[Site "Chess.com"]
[Date "2024.06.25"]
[Round "2"]
[White "HowTo2Draw"]
[Black "drdaro"]
[Result "0-1"]
[WhiteElo "2507"]
[BlackElo "2325"]
[TimeControl "180+1"]
[EndTime "14:17:11 PDT"]
[Termination "drdaro won by checkmate"]

1. c4 d6 2. g3 g6 3. Bg2 Bg7 4. Nf3 e5 5. O-O f5 6. d3 Nf6 7.
Nc3 O-O 8. Rb1 a5 9. a3 c6 10. b4 axb4 11. axb4 Be6 12. b5 h6 13. Bd2 e4 14.
Ne1 d5 15. cxd5 cxd5 16. Nc2 Nbd7 17. Nd4 Bf7 18. e3 Nc5 19. dxe4 dxe4 20. b6 Bc4 21. Ncb5 Nd5 22. Bb4 Nxb4 23. Rxb4 Bxf1 24. Bxf1 Kh7 25. h4 Qxb6 26. h5 g5 27. Rb1 Rad8 28.
g4 f4 29. Qc2 fxe3 30. fxe3 Rc8 31. Bg2 Nd3 32. Bxe4+ Kh8 33. Qxd3 Rcd8 34. Bf5 Rfe8 35. Rf1 Qc5 36. Qc3 Qe5 37. Nf3 Qg3+ 38. Kh1 Qh3+ 39. Nh2 Bxc3 40. Nxc3 Rd2 41. Rg1 Qxh2# 0-1

[Event "Late-Titled-Tuesday-Blitz-June-25-2024"]
[Site "Chess.com"]
[Date "2024.06.25"]
[Round "2"]
[White "toninhojit"]
[Black "ritanovikova"]
[Result "1-0"]
[WhiteElo "2505"]
[BlackElo "2253"]
[TimeControl "180+1"]
[EndTime "14:17:11 PDT"]
[Termination "toninhojit won by checkmate"]

1. e4 d5 2. exd5 Qxd5 3. Nc3 Qd6 4. d4 Nf6 5. Nf3 a6 6. Bd3 Bg4 7. Ne4 Nxe4 8. Bxe4 c6 9. c3 e6 10. h3 Bh5 11. Qb3 Qc7 12. Ne5 Nd7 13. Bf4 Qc8 14.
g4 Bg6 15. Nxg6 hxg6 16. Bxg6 fxg6 17. Qxe6+ Kd8 18. Qxg6 Nf6 19. O-O-O Qe6 20. Rhe1 Qxa2 21. g5 Qa1+ 22. Kc2 Qa4+ 23. Kb1 Be7 24. gxf6 gxf6 25. Rd2 Qb5 26. Rde2 Re8 27. Qf7 Qf5+ 28. Ka1 Qd7 29. Re6 c5 30. Bd6 Bxd6 31. Rxe8+ Kc7 32. Qxd7+ Kxd7 33. Rxa8 cxd4 34. cxd4 Bb4 35. Re2 Kc6 36. Rg8 Kd5 37.
h4 a5 38. h5 a4 39. h6 a3 40. h7 axb2+ 41. Kxb2 Kxd4 42. Rg4+ Kc5 43. Rxb4 Kxb4 44.
h8=Q b5 45. Qxf6 Ka5 46. Qc3+ b4 47. Re5+ Ka4 48. Qb3# 1-0

[Event "Late-Titled-Tuesday-Blitz-June-25-2024"]
[Site "Chess.com"]
[Date "2024.06.25"]
[Round "2"]
[White "cthulhuuu"]
[Black "BlackBoarder"]
[Result "0-1"]
[WhiteElo "2376"]
[BlackElo "2701"]
[TimeControl "180+1"]
[EndTime "14:17:12 PDT"]
[Termination "BlackBoarder won on time"]

1. e4 e6 2. d3 d5 3. Nd2 Nf6 4. Ngf3 Nc6 5. c3 Bd6 6. Qe2 e5 7. exd5 Nxd5 8. Nc4 O-O 9. g3 Bf5 10. Bg2 Re8 11. O-O h6 12. Re1 Qd7 13. a4 Rad8 14. Qc2 Bh7 15. a5 a6 16. Qb3 Bxd3 17. Nfd2 Bc5 18. Qxb7 Rb8 19. Qxa6 Ncb4 20. cxb4 Nxb4 21. Nxe5 Rxe5 22. Rxe5 Nxa6 23. Rd5 Bd6 24. Rxd3 Nb4 25. Rd4 Nc2 26. a6 Nxd4 27. a7 Rd8 28. a8=Q Rxa8 29. Rxa8+ Kh7 30. Ne4 Ne2+ 31. Kf1 Nxc1 32. Bh3 Qb5+ 33.
Kg1 Ne2+ 34. Kg2 Qc6 35. Bf5+ g6 36. f3 Qxa8 37. Nf6+ Kg7 0-1

[Event "Late-Titled-Tuesday-Blitz-June-25-2024"]
[Site "Chess.com"]
[Date "2024.06.25"]
[Round "2"]
[White "czasnaszachy"]
[Black "RandomNoob04"]
[Result "0-1"]
[WhiteElo "2479"]
[BlackElo "2812"]
[TimeControl "180+1"]
[EndTime "14:17:12 PDT"]
[Termination "RandomNoob04 won on time"]

1. d4 Nf6 2. c4 c5 3. d5 b5 4.
cxb5 a6 5. e3 axb5 6. Bxb5 Qa5+ 7. Nc3 Bb7 8. Bd2 Qb6 9. a4 Nxd5 10. Nf3 e6 11. O-O Be7 12. e4 Nb4 13. Ne5 O-O 14.
Qh5 Qc7 15. f4 d6 16. Nc4 N8c6 17. Bxc6 Bxc6 18. f5 exf5 19. Rf3 Bf6 20. Rh3 h6 21. Bxh6 g6 22. Qd1 Bd4+ 23. Kh1 fxe4 24. Bf4 Nd3 25. Rxd3 exd3 26. Nxd6 Qd7 27. Nce4 Bxe4 28.
Nxe4 Qf5 29. Qf3 d2 30. Nxd2 Rfe8 31. h3 Bxb2 32. Ra2 Be5 33. Bxe5 Qxe5 34. a5 Qc7 0-1

[Event "Late-Titled-Tuesday-Blitz-June-25-2024"]
[Site "Chess.com"]
[Date "2024.06.25"]
[Round "2"]
[White "jk13"]
[Black "talaicito"]
[Result "1-0"]
[WhiteElo "2697"]
[BlackElo "2364"]
[TimeControl "180+1"]
[EndTime "14:17:13 PDT"]
[Termination "jk13 won on time"]

1. e4 c5 2. c3 d5 3. exd5 Qxd5 4.
d4 Nf6 5. Nf3 e6 6. Na3 Be7 7.
Be3 cxd4 8. Nb5 Na6 9. Nbxd4 O-O 10. Bd3 Nc5 11. Bc2 Ng4 12. O-O Nxe3 13. fxe3 Bd7 14. Qe2 Rad8 15. e4 Qh5 16. e5 a6 17. Rad1 Bc8 18. h3 Rd5 19. Nf5 exf5 20. Rxd5 Be6 21.
Rd4 b5 22. b3 h6 23. Qd2 Rc8 24. b4 Na4 25. Bxa4 bxa4 26. a3 g5 27. Rd7 Bf8 28.
Rd8 Rxd8 29. Qxd8 g4 30. Qh4 Qg6 31. Nd4 Bg7 32. Nxe6 Qxe6 33. hxg4 fxg4 34. Qd8+ Kh7 35. Qd3+ Kg8 36. Qf5 Bxe5 37. Qxe6 fxe6 38. Rc1 1-0

[Event "Late-Titled-Tuesday-Blitz-June-25-2024"]
[Site "Chess.com"]
[Date "2024.06.25"]
[Round "2"]
[White "BilodeauA"]
[Black "HaryKane"]
[Result "1-0"]
[WhiteElo "2996"]
[BlackElo "2614"]
[TimeControl "180+1"]
[EndTime "14:17:14 PDT"]
[Termination "BilodeauA won on time"]

1. e4 e6 2. d4 d5 3. Nd2 Nf6 4. e5 Nfd7 5. f4 c5 6. c3 Nc6 7. Ndf3 Be7 8. h4 Qb6 9. h5 f6 10.
Bd3 cxd4 11. cxd4 Bb4+ 12. Kf1 fxe5 13. dxe5 Nc5 14. a3 Nxd3 15. Qxd3 Be7 16. Ne2 Bd7 17.
b4 a6 18. Be3 Qb5 19. Qxb5 axb5 20. Kf2 O-O 21. Ned4 Nxd4 22. Nxd4 Rfc8 23. Rhc1 Kf7 24. g4 Rc4 25. Nf3 Rxc1 26. Rxc1 Rxa3 27. Rc7 Ke8 28.
Rxb7 Bxb4 29. Rb8+ Ke7 30. Bb6 h6 31. g5 Ra2+ 32.
Kg3 Bc6 33. Rc8 Ba8 34. Rc7+ Kf8 35. g6 d4 36. Nxd4 Be1+ 37. Kh3 Bg2+ 38. Kg4 Ra3 39. Bc5+ Ke8 40. Bxa3 1-0

[Event "Late-Titled-Tuesday-Blitz-June-25-2024"]
[Site "Chess.com"]
[Date "2024.06.25"]
[Round "2"]
[White "vova-79"]
[Black "Murad_Ibrahimli"]
[Result "0-1"]
[WhiteElo "2600"]
[BlackElo "2891"]
[TimeControl "180+1"]
[EndTime "14:17:14 PDT"]
[Termination "Murad_Ibrahimli won by resignation"]

1. d4 Nf6 2. c4 b6 3. Nc3 Bb7 4. Nf3 e6 5. a3 Ne4 6. Nxe4 Bxe4 7. Nd2 Bb7 8. e4 g6 9. Bd3 Bg7 10. Nf3 Nc6 11. d5 Ne7 12. O-O O-O 13. Rb1 d6 14. b4 e5 15. c5 Bc8 16. Nd2 f5 17. f3 f4 18. a4 g5 19. cxd6 cxd6 20. b5 h5 21. Ba3 g4 22. Nc4 Rf6 23. Nxe5 dxe5 24. d6 Ng6 25. Bc4+ Kh7 26. Qd5 Rb8 27. Rfd1 Bd7 28.
Bb3 gxf3 29. gxf3 Nh4 30. Kf2 Rc8 31. Rbc1 Rxc1 32. Rxc1 Rg6 33. Rc7 Qg5 34. Rxd7 Qg1+ 35. Ke2 Rg2+ 36. Kd3 Qf1+ 37. Kc3 Qa1+ 38. Kb4 Qe1+ 39.
Kc4 Nxf3 40. Rxg7+ Rxg7 41. d7 Nd2+ 42. Kd3 Qe3+ 43. Kc2 Nxb3 44. d8=Q Nd4+ 45. Qxd4 Qxd4 46. Qxd4 exd4 47. Bd6 f3 48. Bg3 Rxg3 49. hxg3 f2 0-1

[Event "Late-Titled-Tuesday-Blitz-June-25-2024"]
[Site "Chess.com"]
[Date "2024.06.25"]
[Round "2"]
[White "DenisQ"]
[Black "Good_Knight_Kiss"]
[Result "0-1"]
[WhiteElo "2674"]
[BlackElo "2363"]
[TimeControl "180+1"]
[EndTime "14:17:15 PDT"]
[Termination "Good_Knight_Kiss won by checkmate"]

1. c4 Nf6 2. Nf3 g6 3. b4 Bg7 4.
Bb2 d6 5. g3 O-O 6. Bg2 e5 7. O-O Nc6 8. b5 Ne7 9. d3 a6 10. a4 axb5 11. axb5 Rxa1 12. Bxa1 Bf5 13. Nbd2 Qd7 14. Re1 Bh3 15. Bh1 h6 16. Qb3 Ng4 17.
Ne4 Kh8 18. c5 d5 19. Nc3 f5 20. Bg2 Bxg2 21. Kxg2 e4 22. Ng1 d4 23. Nd1 Nd5 24. h3 Ne5 25. Bxd4 Ra8 26. dxe4 fxe4 27. Nc3 Nxc3 28.
Qxc3 Qd5 29. e3 Ra2 30. Ne2 g5 31. c6 bxc6 32. bxc6 Kh7 33. Bxe5 Bxe5 34. Qc1 Qf7 35. Qb1 Qf3+ 36. Kf1 Rxe2 37. Qxe4+ Qxe4 38. Rxe2 Qh1# 0-1